 Dungeon Crawl Stone Soup version 0.22-a0-469-gf26638a (webtiles) character file.

24 mralvarus the Gusty (level 3, 0/19 HPs)
             Began as a Tengu Air Elementalist on June 12, 2018.
             Succumbed to Terence's poison
             ... on level 1 of the Dungeon.
             The game lasted 00:04:43 (909 turns).

mralvarus the Gusty (Tengu Air Elementalist)         Turns: 909, Time: 00:04:44

Health: 0/19       AC:  2    Str:  8    XL:     3   Next: 2%
Magic:  4/7        EV: 13    Int: 15    God:    Xom [..*...]
Gold:   76         SH:  0    Dex: 15    Spells: 5/6 levels left

rFire    . . .     SeeInvis .   k - +0 short sword
rCold    . . .     Gourm    .   (no shield)
rNeg     . . .     Faith    .   a - +0 robe
rPois    .         Spirit   .   (helmet restricted)
rElec    .         Reflect  .   (no cloak)
rCorr    .         Harm     .   (no gloves)
MR       .....                  (boots unavailable)
Stlth    ++........             (no amulet)
HPRegen  0.06/turn              (no ring)
MPRegen  0.10/turn              (no ring)

@: lethally poisoned (0 -> -24)
A: beak, talons 3
a: Renounce Religion


You were on level 1 of the Dungeon.
You worshipped Xom.
You were a toy of Xom.
You were not hungry.

You visited 1 branch of the dungeon, and saw 2 of its levels.

You collected 76 gold pieces.

Inventory:

Hand Weapons
 k - a +0 short sword (weapon)
Armour
 a - a +0 robe (worn)
Jewellery
 h - an uncursed ring of stealth {unknown}
 i - a cursed -4 ring of dexterity {unknown}
Scrolls
 d - 2 scrolls of teleportation {unknown}
 g - a scroll of identify {unknown}
 j - a scroll of noise {unknown}
Potions
 e - a potion of ambrosia {unknown}
 f - a potion of invisibility {unknown}
 l - a potion of mutation {unknown}
Comestibles
 c - 6 rations


   Skills:
 + Level 0.2 Short Blades
 + Level 3.0 Dodging
 + Level 2.8 Stealth
 - Level 2.0 Spellcasting
 - Level 1.3 Conjurations
 - Level 4.0 Air Magic


You had 5 spell levels left.
You knew the following spells:

 Your Spells              Type           Power        Failure   Level  Hunger
a - Shock                 Conj/Air       #...         8%          1    #......

Your spell library contained the following spells:

 Spells                   Type           Power        Failure   Level  Hunger
 Lightning Bolt           Conj/Air       #.........   90%         5    ######.
 Swiftness                Chrm/Air       #.......     14%         2    ###....
 Airstrike                Air            ##........   38%         4    #####..
 Static Discharge         Conj/Air       #.......     22%         3    ###....


Dungeon Overview and Level Annotations

Branches:
Dungeon (2/15)

Altars:
Xom

Annotations:
D:1 Terence


Innate Abilities, Weirdness & Mutations

You have a beak for a mouth.
You have claws for feet.


Message History

Casting: Shock (safe; 8% risk of failure)
Confirm with . or Enter, or press ? or * to list all spells.
Aiming: Shock (safe; 8% risk of failure)
Press: ? - help, Shift-Dir - straight line, f/p - Terence
Aim: Terence, wielding a hand axe of venom and wearing a scale mail (heavily wounded) Really fire in your butterfly's direction?
Okay, then.
You completely miss Terence. You claw Terence, but do no damage.
Terence is heavily wounded.
You feel sick. Terence barely misses you.
You hit Terence but do no damage.
Terence is heavily wounded.
* * * LOW HITPOINT WARNING * * *
You feel sick. Terence hits you but does no damage.
You are more poisoned.
* * * LOW HITPOINT WARNING * * *
You feel sick. Terence closely misses you. Terence misses your butterfly.
You climb upwards.
You die...
Xom giggles madly!

♣..♣.##..♣♣♣♣♣.P...(P.♣♣♣.P.##.♣.
P.♣♣.##.♣♣♣♣♣..P...PPP♣ ♣...(#.♣♣
♣♣♣.....♣♣.♣.P....♣♣♣♣♣♣♣♣♣P.#.♣P
...#..#P.♣P.P...##.P.♣P♣P♣P..#.♣♣
##.#....[.P((#..##....P.P.P.##...
...#...(.............P.♣PP.######
.........P..............♣.##
...#...÷.P................#
................@@........#
....(#.##............######
....##...#......(..###
....####.#......#### ....##
#.........## ###><##########...#
..............#.#.#
#......##..##.#...#
..............##..#


You could see Terence.

Vanquished Creatures
  A leopard gecko (D:1)
  4 bats (D:1)
  A giant cockroach (D:1)
  2 goblins
  A hobgoblin (D:1)
  A jackal (D:1)
  2 ball pythons (D:1)
  A frilled lizard (D:2)
  7 kobolds
  A rat (D:1)
21 creatures vanquished.

Notes
Turn   | Place    | Note
-------+----------+-------------------------------------------
     0 | D:1      | mralvarus the Tengu Air Elementalist began the quest for the Orb.
     0 | D:1      | Reached XP level 1. HP: 10/10 MP: 4/4
   100 | D:1      | Reached XP level 2. HP: 11/15 MP: 3/6
   554 | D:1      | Found a hazy altar of Hepliaklqana.
   558 | D:1      | Found an opulent altar of Gozag.
   558 | D:1      | Found a white marble altar of Elyvilon.
   560 | D:1      | Found a shadowy altar of Dithmenos.
   560 | D:1      | Found a sacrificial altar of Ru.
   560 | D:1      | Found a shimmering altar of Xom.
   593 | D:1      | Became a worshipper of Xom the Tricky
   767 | D:2      | XOM: harmless Conj miscast
   811 | D:2      | Reached XP level 3. HP: 15/19 MP: 1/7
   828 | D:2      | Noticed Terence
   905 | D:2      | XOM: butterfly on damage
   909 | D:1      | Succumbed to Terence's poison

Vault maps used:
D:1:      dpeg_arrival_line_fractal, serial_forest, infiniplex_forest_lined_3,
          infiniplex_forest_end_1, infiniplex_forest_straight_5,
          infiniplex_forest_clump_cross, infiniplex_forest_clump_curved,
          infiniplex_forest_clump_diagonal, infiniplex_forest_diagonal,
          doesnt_xom_only_xom
D:2:      cheibrodos_helix_gallery, uniq_terence

Skill      XL: |  1  2 |
---------------+-------+-----
Dodging        | 3 |  3.0
Short Blades   | |  0.2
Stealth        | |  2.8
Spellcasting   | |  2.0
Conjurations   | |  1.3
Air Magic      | |  4.0

Action                   || total
-------------------------++-------
Melee: Dagger            ||     8
       Peck              ||     3
       Kick              ||     3
       Short sword       ||    12
 Cast: Shock             ||    41
  Eat: Chunk             ||     1
Armor: Robe              ||     2
Dodge: Dodged            ||    16

Table legend:
 A = Spawn XP
 B = Non-spawn XP
 C = Spawn XP percentage of total XP
 D = Spawn monster count
 E = Non-spawn monster count
 F = Spawn count percentage of total count
 G = Total turns spent on level
                    A         B        C        D         E        F      G
               +---------+---------+-------+---------+---------+-------+---------
         Total |       0 |      35 |   0.0 |       0 |      21 |   0.0 |   909
               +---------+---------+-------+---------+---------+-------+---------
           D:1 |       0 |      29 |   0.0 |       0 |      17 |   0.0 |   814
           D:2 |       0 |       6 |   0.0 |       0 |       4 |   0.0 |    95
               +---------+---------+-------+---------+---------+-------+---------
